AoeStats
← Juyhou

MegaRandom

510097588Analyzed
4v4 RM · 3d ago on Sep 29, 2026· 37m 2s· 8 players
Game mode
Random Map
Map size
Large (8 player)
Population
200
Speed
Normal
Resources
Standard
Victory
Conquest
Starting age
Dark Age
Ending age
Imperial Age
RankedLock teamsTeams togetherTeam positionsShared explorationLock speedFull tech treeHidden civsTurbo modeCheats
Victory
Defeat
🇦🇷 Mongols · Argentina
1935
+8
🇫🇮 Varangians · Finland
1911
+9
🇭🇰 Lithuanians · Hong Kong SAR China
1884
+10
🇨🇳 Persians · China
1798
+13
🇺🇸 Mongols · United States
1853
-14
1756
-10
🇻🇳 Persians · Vietnam
1735
-10
🇻🇳 Saxons · Vietnam
1627
-6
Fish
11:10 Feudal Age
12:24 Double-Bit Axe
12:48 Horse Collar
15:11 Castle Age
15:16 Loom
15:19 Town Watch
16:11 Bow Saw
19:34 Loom
28:04 Imperial Age
26:46 Wheelbarrow
26:10 Gold Mining
26:46 Fletching
27:24 Bodkin Arrow
28:30 Ballistics
28:11 Padded Archer Armor
30:00 Chemistry
29:30 Bracer
29:38 Bracer
30:07 Masonry
30:40 Elite Mangudai
31:50 Leather Archer Armor
33:12 Conscription
33:07 Bloodlines
33:41 Parthian Tactics
33:21 Thumb Ring
34:10 Husbandry
T
12:00 Feudal Age
15:50 Castle Age
13:38 Double-Bit Axe
13:52 Horse Collar
16:42 Bow Saw
17:01 Heavy Plow
19:28 Stone Mining
22:03 Wheelbarrow
23:12 Scale Barding Armor
23:37 Bloodlines
24:04 Husbandry
24:57 Chain Barding Armor
25:32 Gold Mining
26:26 Forging
27:46 Hand Cart
29:44 Iron Casting
31:05 Loom
31:05 Town Watch
34:40 Imperial Age
32:18 Fletching
34:32 Bodkin Arrow
34:19 Treadmill Crane
35:00 Ballistics
35:40 Stone Shaft Mining
35:58 Plate Barding Armor
35:00 Elite Leitis
36:01 Conscription
36:13 Masonry
Juyhou
12:21 Feudal Age
15:53 Castle Age
13:45 Fishing Lines
13:57 Double-Bit Axe
14:29 Loom
16:43 Bow Saw
16:33 Gillnets
18:55 Town Watch
30:50 Imperial Age
29:21 Scale Barding Armor
30:32 Wheelbarrow
29:49 Gold Mining
29:50 Stone Mining
30:24 Chain Barding Armor
31:28 Bloodlines
31:18 Husbandry
32:08 Plate Barding Armor
31:57 Conscription
32:18 Forging
32:05 Elite Jarl
34:31 Iron Casting
36:39 Blast Furnace
35:42 Fletching
36:06 Gothikon
十大地方
10:00 Feudal Age
10:28 Loom
10:36 Double-Bit Axe
17:30 Castle Age
17:12 Gold Mining
17:23 Fletching
17:32 Crossbowman
18:37 Bodkin Arrow
22:34 Bow Saw
23:01 Horse Collar
25:43 Wheelbarrow
24:58 Town Watch
25:14 Padded Archer Armor
30:54 Imperial Age
28:51 Stone Mining
30:05 Heavy Plow
30:25 Husbandry
30:36 Bloodlines
32:27 Thumb Ring
33:55 Hand Cart
35:12 Gold Shaft Mining
35:29 Ballistics
36:55 Chemistry
37:02 Leather Archer Armor
Alesia
5:07 Loom
10:16 Feudal Age
11:09 Double-Bit Axe
11:47 Horse Collar
16:40 Castle Age
17:34 Bow Saw
17:30 Fishing Lines
22:34 Wheelbarrow
21:45 Town Watch
23:06 Gold Mining
23:59 Heavy Plow
24:37 Stone Mining
25:44 Gillnets
26:54 Gold Shaft Mining
30:54 Imperial Age
28:36 Scale Mail Armor
28:39 Squires
29:04 Forging
29:30 Hand Cart
29:43 Chain Mail Armor
29:34 Arson
30:57 Iron Casting
32:34 Plate Mail Armor
31:44 Elite Hearth Troop
32:46 Conscription
32:34 Shield Wall
34:04 Fletching
36:03 Bodkin Arrow
NaiLiu
5:26 Loom
12:36 Feudal Age
13:20 Double-Bit Axe
13:17 Horse Collar
16:20 Castle Age
14:35 Gold Mining
16:28 Fletching
17:18 Bow Saw
17:09 Heavy Plow
19:04 Town Watch
26:50 Wheelbarrow
27:21 Gold Shaft Mining
29:10 Hand Cart
32:22 Imperial Age
30:30 Bodkin Arrow
31:12 Padded Archer Armor
31:56 Gold Shaft Mining
32:27 Leather Archer Armor
33:05 Bloodlines
33:14 Bracer
33:35 Ballistics
35:46 Chemistry
35:24 Parthian Tactics
37:08 Thumb Ring
Seohyun de thuong lam ne`
8:56 Loom
12:10 Feudal Age
14:19 Double-Bit Axe
16:40 Castle Age
15:59 Fishing Lines
17:35 Bow Saw
18:27 Horse Collar
24:55 Ballistics
24:50 Fletching
29:03 Gold Mining
29:14 Heavy Plow
30:48 Wheelbarrow
34:12 Imperial Age
32:17 Masonry
32:34 Scale Barding Armor
33:39 Stone Mining
34:24 Gold Shaft Mining
34:11 Chain Barding Armor
34:26 Corvinian Army
36:38 Plate Barding Armor
36:47 Conscription
36:04 Elite Magyar Huszar
DL-ĐệNhị
8:01 Loom
11:25 Feudal Age
16:35 Castle Age
15:38 Bloodlines
16:34 Double-Bit Axe
23:52 Fishing Lines
24:26 Scale Barding Armor
24:59 Husbandry
26:25 Chain Barding Armor
26:49 Bow Saw
27:29 Wheelbarrow
29:40 Forging
31:45 Iron Casting
32:49 Gold Mining
Connection lost

Rejoining the realm…

Still unreachable

The connection could not be restored.

Session expired

The server has moved on; the page needs a fresh start.